 Dungeon Crawl Stone Soup version 0.26.0-18-gc5c842f807 (webtiles) character file.

Game seed: 9765189788590063253

81 thiole the Sneak (level 4, 0/27 HPs)
             Began as an Octopode Hedge Wizard on Jan 23, 2021.
             Slain by a goblin (3 damage)
             ... led by Robin
             ... on level 3 of the Dungeon.
             The game lasted 00:02:06 (2501 turns).

thiole the Sneak (Octopode Hedge Wizard)            Turns: 2501, Time: 00:02:07

Health: 0/27       AC:  1    Str:  9    XL:     4   Next: 42%
Magic:  8/9        EV: 13    Int: 17    God:
Gold:   140        SH:  0    Dex: 11    Spells: 9/10 levels left

rFire    . . .     SeeInvis .   j - +4 dagger (vamp)
rCold    . . .     Faith    .   (no shield)
rNeg     . . .     Spirit   .   b - +0 hat
rPois    +         Reflect  .   l - amulet of the acrobat
rElec    .         Harm     .   k - ring of poison resistance
rCorr    .         Rampage  .   (no ring)
Will     .....                  (no ring)
Stlth    +++.......             (no ring)
HPRegen  0.09/turn              (no ring)
MPRegen  0.11/turn              (no ring)
                                (no ring)
                                (no ring)

@: no status effects
A: almost no armour, stealthy swim, amphibious, 8 rings, constrict 8, camouflage
1, gelatinous body 1
a: no special abilities


You were on level 3 of the Dungeon.
You visited 1 branch of the dungeon, and saw 3 of its levels.

You collected 140 gold pieces.

Inventory:

Hand Weapons
 a - a +0 dagger
 j - a +4 vampiric dagger (weapon)
Armour
 b - a +0 hat (worn)
Jewellery
 k - a ring of poison resistance (left tentacle)
 l - an amulet of the acrobat (around mantle)
Scrolls
 c - a scroll of remove curse {unknown}
 f - 4 scrolls of identify
 h - a scroll of teleportation {unknown}
 i - a scroll of fear {unknown}
 m - a scroll of random uselessness {unknown}
 n - a scroll of enchant armour {unknown}
 q - a scroll of fog {unknown}
Potions
 d - 2 potions of degeneration {unknown}
 e - a potion of might {unknown}
 g - a potion of brilliance {unknown}
 o - a potion of curing {unknown}
 p - a potion of ambrosia {unknown}


   Skills:
 - Level 2.0 Dodging
 + Level 4.2 Stealth
 + Level 3.5 Spellcasting
 - Level 2.0 Conjurations
 - Level 2.0 Summonings
 - Level 1.0 Translocations


You had 9 spell levels left.
You knew the following spells:

 Your Spells              Type           Power        Failure   Level
a - Magic Dart            Conj           36%          8%          1

Your spell library contained the following spells:

 Spells                   Type           Power        Failure   Level
 Call Imp                 Summ           9%           11%         2
 Blink                    Tloc           N/A          17%         2
 Slow                     Hex            3%           26%         2
 Conjure Flame            Conj/Fire      6%           32%         3
 Mephitic Cloud           Conj/Pois/Air  5%           36%         3


Dungeon Overview and Level Annotations

Branches:
Dungeon (3/15)

Altars:


Innate Abilities, Weirdness & Mutations

You cannot wear most types of armour.
You are very stealthy in the water. (Stealth+)
You are amphibious.
You can wear up to eight rings at the same time.
You can use your tentacles to constrict eight enemies at once.
Your skin changes colour to match your surroundings (Stealth+).
Your rubbery body absorbs attacks. (AC +1, EV +1)


Message History

* * * LOW HITPOINT WARNING * * *
The goblin closely misses you.
You hit Robin.
You feel better.
You squeeze Robin.
Robin is severely wounded.
You constrict Robin.
A goblin comes into view.
Robin hits you with a +0 mace.
* * * LOW HITPOINT WARNING * * *
The goblin completely misses you.
You hit Robin but do no damage.
Robin is almost dead.
You constrict Robin.
You kill Robin!
The goblin barely misses you.
You closely miss the goblin. You grab the goblin. You constrict the goblin.
The hobgoblin hits you.
* * * LOW HITPOINT WARNING * * *
A goblin comes into view. It is wielding a +0 dagger.
The goblin hits you.
You die...

#.# #.## #.#
#.# .# #.#
#.# g# #.#
#.# g# #.#
#.# g# #..
#.# .# #.#
.# #g##g#
#.@gg#
......###..#
#####. ..#
#. .... ..
..### .. ###
#..


You could see a hobgoblin and 3 goblins.

Vanquished Creatures
  Robin (D:3)
  3 adders (D:2)
  A worm (D:2)
  3 dart slugs
  A leopard gecko (D:1)
  2 giant cockroaches
  8 goblins
  5 hobgoblins
  3 bats
  A frilled lizard (D:2)
  5 kobolds
  3 rats (D:1)
36 creatures vanquished.

Notes
Turn   | Place    | Note
-------+----------+-------------------------------------------
     0 | D:1      | thiole the Octopode Hedge Wizard began the quest for the
                  | Orb.
     0 | D:1      | Reached XP level 1. HP: 11/11 MP: 4/4
   353 | D:1      | Reached XP level 2. HP: 17/17 MP: 1/6
   482 | D:1      | Reached skill level 3 in Stealth
  1130 | D:2      | Reached XP level 3. HP: 12/21 MP: 2/7
  1971 | D:2      | Reached XP level 4. HP: 20/27 MP: 3/9
  2198 | D:2      | Reached skill level 4 in Stealth
  2488 | D:3      | Noticed Robin
  2500 | D:3      | Killed Robin
  2501 | D:3      | Slain by a goblin

Illustrated notes

Levels and vault maps discovered:
D:1:      scummos_arrival_star, layout_loops_ring, amcnicky_mini_pool_small,
          minmay_tromino_v7
D:2:      layout_basic
D:3:      layout_loops_ring, grunt_temple_overflow_open, uniq_robin, uniq_ijyb

Skill      XL: |  1  2  3  4 |
---------------+-------------+-----
Stealth        | 3 4 |  4.2
Summonings     | 2 |  2.0
Conjurations   | 2 |  2.0
Dodging        | |  2.0
Spellcasting   | |  3.5
Translocations | |  1.0

Action                   |  1- 3 |  4- 6 || total
-------------------------+-------+-------++-------
Melee: Dagger            |    20 |    10 ||    30
       Constrict         |     5 |     2 ||     7
       Tentacles         |     4 |     2 ||     6
 Cast: Magic Dart        |    65 |    18 ||    83
  Use: Scroll            |       |     2 ||     2
Armor: Skin              |     2 |       ||     2
Dodge: Dodged            |    15 |     6 ||    21
